 Seeded DCSS version 0.31-a0-986-g5e6e4ef867 (webtiles) character file.

Game seed: 11951111254819054669 (custom seed)

23460 Pooter the Carver (level 12, -5/111 HPs)
             Began as a Minotaur Berserker on Nov 19, 2023.
             Was a High Priest of Trog.
             Slain by a cane toad (8 damage)
             ... on level 3 of the Lair of Beasts on Nov 20, 2023.
             The game lasted 01:05:57 (13637 turns).

Pooter the Carver (Minotaur Berserker)             Turns: 13637, Time: 01:05:58

Health: -5/111     AC: 22    Str: 21    XL:     12   Next: 72%
Magic:  11/11      EV:  9    Int:  4    God:    Trog [*****.]
Gold:   1044       SH:  0    Dex: 22    Spells: 11/11 levels left

rFire   . . .        A - +1 war axe (heavy)
rCold   + + .        (no shield)
rNeg    . . .        M - +3 chain mail {rC+}
rPois   +            (helmet restricted)
rElec   +            w - +2 cloak
rCorr   .            s - +0 pair of gloves
SInv    .            j - +0 pair of boots
Will    ++...        v - amulet of Geunturu {rElec rC+ Regen+} Stlth
                     T - ring of Rohaid {rElec rPois Dex+6}
HPRegen 2.18/turn    F - +4 ring of protection
MPRegen 0.12/turn

%: no passive effects
@: strong-willed, on berserk cooldown, regenerating, slowed, very slow
A: horns 2, retaliatory headbutt, mutation resistance 1
a: Renounce Religion, Berserk, Trog's Hand, Brothers in Arms


You were on level 3 of the Lair of Beasts.
You worshipped Trog.
Trog was extremely pleased with you.
You visited 2 branches of the dungeon, and saw 13 of its levels.
You also visited: Sewer and Ice Cave.

You collected 1044 gold pieces.

Inventory:

Hand Weapons
 a - a +4 demon blade of electrocution
   (You acquired it on level 1 of the Dungeon)
 b - a +0 orcbow
   (You took it off a centaur on level 6 of the Dungeon)
 o - a +2 trident of venom
   (You found it on level 6 of the Dungeon)
 r - a +2 heavy flail
   (You took it off Edmund on level 5 of the Dungeon)
 A - a +1 heavy war axe (weapon)
   (You took it off an orc priest on level 6 of the Dungeon)
 G - a +2 hand axe of venom
   (You found it on level 1 of the Dungeon)
 K - a +5 morningstar
   (You took it off a wight on level 9 of the Dungeon)
Missiles
 m - 31 poisoned darts
 B - 12 boomerangs (quivered)
 L - 6 datura-tipped darts
 N - 2 curare-tipped darts
 O - a throwing net {!f}
 Q - 91 stones
 W - 6 darts of dispersal {!f}
Armour
 g - a +2 plate armour
   (You found it on level 2 of the Dungeon)
 j - a +0 pair of boots (worn)
   (You found it on level 2 of the Dungeon)
 s - a +0 pair of gloves (worn)
   (You found it on level 4 of the Dungeon)
 w - a +2 cloak (worn)
   (You took it off Maurice on level 10 of the Dungeon)
 M - a +3 chain mail of cold resistance (worn)
   (You found it on level 9 of the Dungeon)
Jewellery
 l - a +6 ring of strength
   (You found it in an ice cave)
 p - a ring of fire
   (You found it in a sewer)
 v - the amulet of Geunturu (around neck) {rElec rC+ Regen+}
   (You found it on level 5 of the Dungeon)

   [amulet of regeneration]

   rC+:       It protects you from cold.
   rElec:     It insulates you from electricity.
   Regen+:    It increases your rate of health regeneration.
 C - a ring of resist corrosion
   (You found it on level 1 of the Dungeon)
 F - a +4 ring of protection (right hand)
   (You found it on level 8 of the Dungeon)
 H - a +6 ring of dexterity
   (You took it off an orc on level 8 of the Dungeon)
 T - the ring of Rohaid (left hand) {rElec rPois Dex+6}
   (You found it in an ice cave)

   [ring of dexterity]

   Dex+6:     It affects your dexterity (+6).
   rElec:     It insulates you from electricity.
   rPois:     It protects you from poison
Wands
 f - a wand of flame (24)
   (You found it on level 5 of the Dungeon)
 x - a wand of acid (19)
   (You took it off an orc on level 8 of the Dungeon)
 D - a wand of digging (4)
   (You found it on level 1 of the Lair of Beasts)
 E - a wand of polymorph (6)
   (You took it off Maurice on level 10 of the Dungeon)
 R - a wand of mindburst (6)
   (You found it on level 1 of the Lair of Beasts)
 V - a wand of charming (2)
   (You found it in an ice cave)
Scrolls
 h - a scroll of vulnerability {!r}
 i - a scroll of identify {@r1}
 n - 3 scrolls of fear
 t - 7 scrolls of teleportation {@r4}
 u - a scroll of immolation {!r}
 y - 2 scrolls of noise {!r}
 z - a scroll of fog
 J - 2 scrolls of poison {!r}
 S - a scroll of silence
 U - a scroll of blinking
Potions
 c - a potion of heal wounds {@q2}
 d - a potion of invisibility
 e - a potion of resistance
 k - 5 potions of enlightenment
 q - 2 potions of ambrosia
 I - a potion of haste {@q3}
 P - 3 potions of mutation {!q}


   Skills:
 + Level 11.7 Fighting
 - Level 14.0 Long Blades
 * Level 13.9 Axes
 * Level 9.9 Ranged Weapons
 + Level 5.4 Armour
 - Level 2.1 Dodging
 + Level 3.4 Evocations


You had 11 spell levels left.
You didn't know any spells.
Your spell library was empty.

Dungeon Overview and Level Annotations

Branches:
Dungeon (10/15) Zot: 26060  Temple (0/1) D:4            Lair (3/5) D:9 Zot: 14453
    Orc (0/2) D:10          Sewer (visited)           IceCv (visited)
  Swamp: Lair:2-3    Shoals: Lair:2-3     Snake: Lair:2-3    Spider: Lair:2-3

Altars:
Cheibriados
Gozag
Hepliaklqana
Kikubaaqudgha
Nemelex Xobeh
Ru
Sif Muna
Vehumet
Yredelemnul
Zin
The Shining One

Shops:
D:3 :

Annotations:
D:6 1 runed translucent door, Crazy Yiuf


Innate Abilities, Weirdness & Mutations

You have a pair of horns on your head.
You reflexively headbutt those who attack you in melee.
You are somewhat resistant to further mutation.


Message History

* * * LOW HITPOINT WARNING * * *
The four-headed hydra bites you!
* * * LOW HITPOINT WARNING * * *
The yak barely misses you.
You slice one of the four-headed hydra's heads off!
The three-headed hydra grows two more!
You hit the five-headed hydra. You headbutt the five-headed hydra!
You hit the torpor snail. You slash the yak!
You hit the cane toad but do no damage. You slash the yak!
The cane toad stings you but does no damage.
The yak barely misses you. You furiously retaliate!
You headbutt the yak!
The five-headed hydra bites you but does no damage. x2
The five-headed hydra closely misses you.
The five-headed hydra bites you but does no damage.
The five-headed hydra bites you.
* * * LOW HITPOINT WARNING * * *
The cane toad completely misses you. The yak gores you but does no damage.
The yak barely misses you. The five-headed hydra bites you!
* * * LOW HITPOINT WARNING * * *
The five-headed hydra bites you but does no damage.
The five-headed hydra bites you.
* * * LOW HITPOINT WARNING * * *
The five-headed hydra bites you but does no damage.
The five-headed hydra bites you.
* * * LOW HITPOINT WARNING * * *
The torpor snail bites you but does no damage.
The cane toad stings you but does no damage.
The yak attacks as it pursues you! The yak closely misses you.
You furiously retaliate!
You headbutt the yak. The yak closely misses you. You furiously retaliate!
You headbutt the yak! The cane toad stings you.
* * * LOW HITPOINT WARNING * * *
Unknown command.
You lop one of the five-headed hydra's heads off!
The four-headed hydra grows two more!
You slice the six-headed hydra!! You headbutt the six-headed hydra.
You slash the torpor snail! You slash the cane toad! The cane toad stings you!
* * * LOW HITPOINT WARNING * * *
The six-headed hydra bites you but does no damage.
The six-headed hydra bites you.
* * * LOW HITPOINT WARNING * * *
The six-headed hydra bites you but does no damage. x4
The cane toad barely misses you. The six-headed hydra barely misses you.
The six-headed hydra bites you but does no damage.
The six-headed hydra bites you.
* * * LOW HITPOINT WARNING * * *
The six-headed hydra barely misses you.
The six-headed hydra bites you but does no damage.
The six-headed hydra bites you.
* * * LOW HITPOINT WARNING * * *
The cane toad stings you!
You die...

#.## . ##.### Y.
###....# ...
#......## ....
#.......###.....
#.......#P......
#......†........
##wY....#........
##@DY........#....
#.#FY.......#.....
###Y.......##.....
#.......## ....
#..^....# ...
####.....# ...
#.#......#
#....#....P..
###...####P....


You could see a six-headed hydra, a torpor snail, 4 yaks and a cane toad.

Vanquished Creatures
  A fire dragon (Lair:1)
  A catoblepas (Lair:3)
  2 hydras
  A boulder beetle (D:10)
  A two-headed ogre (D:6)
  A death yak (D:8)
  2 skysharks (Lair:2)
  2 ugly things (IceCv)
  3 elephants (Lair:3)
  2 black mambas (Lair:1)
  Maurice (D:10)
  3 ice statues (IceCv)
  2 cane toads (Lair:2)
  An anaconda simulacrum (IceCv)
  3 komodo dragons (Lair:1)
  A rime drake (Lair:2)
  2 trolls
  A hornet (D:10)
  A flying skull (D:9)
  A shadow (D:10)
  4 wyverns
  A dire elephant simulacrum (IceCv)
  18 yaks
  Grum (D:10)
  3 fire bats (Lair:1)
  A death yak simulacrum (IceCv)
  A basilisk (Lair:2)
  4 steam dragons
  Edmund (D:5)
  2 wargs (D:10)
  An acid dragon (D:10)
  5 water moccasins
  2 black bears
  An ice beast (D:8)
  4 orc warriors
  5 ogres
  13 wolves
  2 centaurs
  A phantom (D:5)
  4 kobold brigands
  7 bullfrogs
  2 gnoll sergeants (D:7)
  3 scorpions
  4 wights (D:9)
  An elephant simulacrum (IceCv)
  18 killer bees
  A lava snake (Lair:1)
  A centaur zombie (D:9)
  3 hounds
  A human zombie (D:9)
  2 jellies
  A sleepcap (D:5)
  9 orc priests
  A gnoll bouda (Lair:1)
  4 iguanas
  7 orc wizards
  A malarious merfolk avatar (Sewer)
  A sickly merfolk siren (Sewer)
  5 wolf simulacra (IceCv)
  A killer bee zombie (D:9)
  2 ogre zombies (D:9)
  7 hound zombies (D:9)
  2 howler monkey zombies (D:9)
  13 gnolls
  2 river rats
  7 adders
  A shadow imp (D:5)
  3 white imps
  2 worms
  A dart slug (D:5)
  53 orcs
  2 bats
  7 endoplasms
  6 giant cockroaches
  7 goblins
  4 hobgoblins
  2 jackals (D:3)
  21 kobolds
  6 quokkas
  12 ball pythons
  12 frilled lizards
  29 rats
380 creatures vanquished.

Vanquished Creatures (collateral kills)
  A basilisk (Lair:1)
1 creature vanquished.

Grand Total: 381 creatures vanquished

Notes
Turn   | Place    | Note
-------+----------+-------------------------------------------
     0 | D:1      | Pooter the Minotaur Berserker began the quest for the Orb.
     0 | D:1      | Reached XP level 1. HP: 19/19 MP: 0/0
     2 | D:1      | Identified a scroll of acquirement
     2 | D:1      | Acquired a +2 demon blade of electrocution
   153 | D:1      | Reached skill level 1 in Long Blades
   291 | D:1      | Reached XP level 2. HP: 24/27 MP: 1/1
   475 | D:1      | Reached skill level 2 in Long Blades
   792 | D:1      | Reached ** piety under Trog
  1022 | D:2      | Reached XP level 3. HP: 28/33 MP: 2/2
  1153 | D:2      | Found an ancient bone altar of Kikubaaqudgha.
  1493 | D:2      | Reached skill level 3 in Long Blades
  1537 | D:3      | Found Ibusomut's Vocational Training.
  1588 | D:3      | Found a basalt altar of Yredelemnul.
  1588 | D:3      | Found a radiant altar of Vehumet.
  1621 | D:3      | Reached XP level 4. HP: 41/41 MP: 3/3
  1666 | D:3      | Noticed an ogre
  1675 | D:3      | Killed an ogre
  1676 | D:3      | Reached skill level 5 in Fighting
  1676 | D:3      | Reached skill level 4 in Long Blades
  1676 | D:3      | Reached XP level 5. HP: 48/48 MP: 4/4
  2159 | D:4      | Reached skill level 5 in Long Blades
  2248 | D:4      | Found a glowing drain.
  2253 | Sewer    | Entered a sewer
  2355 | Sewer    | Reached XP level 6. HP: 46/56 MP: 5/5
  2429 | Sewer    | Reached *** piety under Trog
  3007 | D:4      | Reached skill level 6 in Long Blades
  3478 | D:4      | Found a glowing golden altar of the Shining One.
  3577 | D:4      | Found a staircase to the Ecumenical Temple.
  3612 | D:4      | Found a glowing silver altar of Zin.
  3672 | D:5      | Entered Level 5 of the Dungeon
  3685 | D:5      | Reached XP level 7. HP: 63/63 MP: 6/6
  3710 | D:5      | Found an opulent altar of Gozag.
  3802 | D:5      | Noticed Edmund
  3807 | D:5      | Killed Edmund
  3808 | D:5      | Reached skill level 7 in Long Blades
  3808 | D:5      | Reached skill level 5 in Axes
  3853 | D:5      | Found a snail-covered altar of Cheibriados.
  4054 | D:5      | Identified the amulet of Geunturu {rElec rC+ Regen+}
  4162 | D:5      | Reached skill level 8 in Long Blades
  4189 | D:5      | Reached XP level 8. HP: 49/71 MP: 7/7
  4201 | D:5      | Gained mutation: You are somewhat resistant to further
                  | mutation. [potion of mutation]
  4475 | D:5      | Reached skill level 9 in Long Blades
  4475 | D:5      | Reached skill level 1 in Ranged Weapons
  4730 | D:6      | Noticed a two-headed ogre
  4735 | D:6      | Killed a two-headed ogre
  4736 | D:6      | Reached skill level 10 in Long Blades
  4736 | D:6      | Reached XP level 9. HP: 81/81 MP: 8/8
  4838 | D:6      | Reached **** piety under Trog
  5243 | D:6      | Found a runed translucent door.
  5244 | D:6      | Noticed Crazy Yiuf
  5633 | D:7      | Noticed a troll
  5642 | D:7      | Killed a troll
  5643 | D:7      | Reached skill level 11 in Long Blades
  5643 | D:7      | Reached skill level 5 in Ranged Weapons
  6168 | D:8      | Identified the "Weureh"
  6574 | D:8      | Reached XP level 10. HP: 90/90 MP: 9/9
  6922 | D:8      | Found a sparkling altar of Nemelex Xobeh.
  7041 | D:8      | Found a hazy altar of Hepliaklqana.
  7878 | D:9      | Found an ancient bone altar of Kikubaaqudgha.
  7994 | D:9      | Reached skill level 12 in Long Blades
  8139 | D:9      | Found a staircase to the Lair.
  8141 | D:9      | Noticed a death yak
  8141 | D:9      | Noticed a death yak
  8179 | D:9      | Noticed a death yak
  8190 | D:8      | Killed a death yak
  8191 | D:8      | Reached skill level 10 in Axes
  8745 | D:9      | Identified the +2 buckler of the Six Mice {rN+}
  8790 | D:10     | Entered Level 10 of the Dungeon
  8800 | D:10     | Noticed a boulder beetle
  8870 | D:10     | Killed a boulder beetle
  8871 | D:10     | Reached XP level 11. HP: 99/99 MP: 10/10
  8886 | D:10     | Noticed Maurice
  8901 | D:10     | Something stole 399 gold
  8903 | D:10     | Killed Maurice
  8904 | D:10     | Reached skill level 13 in Long Blades
  9040 | D:10     | Noticed Grum
  9041 | D:10     | Reached skill level 10 in Fighting
  9062 | D:10     | Killed Grum
  9092 | D:10     | Found a staircase to the Orcish Mines.
  9321 | D:10     | Reached ***** piety under Trog
  9349 | D:10     | Found a shimmering blue altar of Sif Muna.
  9354 | D:10     | Identified the +3 falchion of Cheibriados, Scorching {vamp,
                  | Int+5 Stlth+}
  9355 | D:10     | Found a sacrificial altar of Ru.
  9744 | Lair:1   | Entered Level 1 of the Lair of Beasts
  9989 | Lair:1   | Reached skill level 14 in Long Blades
 10490 | Lair:1   | Reached skill level 1 in Evocations
 10542 | Lair:1   | Noticed a fire dragon
 10559 | Lair:1   | Killed a fire dragon
 10885 | Lair:2   | Found a frozen archway.
 10900 | IceCv    | Entered an ice cave
 10932 | IceCv    | Noticed a white ugly thing
 10944 | IceCv    | Killed a white ugly thing
 10945 | IceCv    | Reached XP level 12. HP: 106/106 MP: 11/11
 11133 | IceCv    | HP: 4/110 [dire elephant simulacrum (9)]
 11213 | IceCv    | Identified the ring of Rohaid {rElec rPois Dex+6}
 11443 | Lair:2   | Noticed a four-headed hydra
 13017 | Lair:2   | Killed a four-headed hydra
 13021 | Lair:2   | Reached skill level 5 in Armour
 13611 | Lair:3   | Noticed a catoblepas
 13612 | Lair:3   | Noticed a four-headed hydra
 13617 | Lair:3   | Noticed a four-headed hydra
 13621 | Lair:3   | Killed a four-headed hydra
 13626 | Lair:3   | Killed a catoblepas
 13637 | Lair:3   | HP: 3/111 [six-headed hydra (5)]
 13637 | Lair:3   | Slain by a cane toad

Illustrated notes

Levels and vault maps discovered:
D:1:      minmay_arrival_solitary_statue, layout_loops_corners, st_stairs_7
D:2:      layout_basic, basic_altar, minmay_misc_feat_rows
D:3:      layout_rooms, nicolae_overflow_two_pavilions, nicolae_shop_vocational
D:4:      layout_cave_pods, zin_treasury, tso_altar, minmay_temple_entry_fiery,
          portal_sewer_entry_e
D:5:      layout_loops_ring, grunt_gozag_statues, kennysheep_slug_shrine,
          minmay_door_square, serial_park_tiny_2, uniq_edmund
D:6:      layout_cave_pools, uniq_crazy_yiuf_cottage
D:7:      layout_basic, serial_glass, glass_columns_a, glass_columns_b
D:8:      layout_basic, nicolae_hepliaklqana_hippocampus,
          nemelex_spade_bored_becter, special_room [special_room_orc]
D:9:      layout_irregular_city, dpeg_lair_monsters, roadster_capsule_ark_zombie
D:10:     layout_rooms, grunt_temple_overflow_open, erik_orc_3,
          item_on_display_a, uniq_grum, uniq_maurice
Lair:1:   dragon1_lemuel, layout_cave_pods, dreamdust_gnoll_shepherd
Lair:2:   layout_regular_city, portal_ice_cave_entry_pillars_1,
          nicolae_quartered_pool_impasse
Lair:3:   layout_cave_pods, elwin_shoals_entry_stream, dummy_spider_entry

Skill      XL: |  1  2  3  4  5  6  7  8  9 10 11 12 |
---------------+-------------------------------------+-----
Long Blades    | 1 2 3 4 5 6 8 10 11 12 14 | 14.0
Fighting       | 4 5 6 8 9 10 11 | 11.7
Axes           | 4 5 7 8 10 12 13 | 13.9
Ranged Weapons | 4 5 6 8 9 |  9.9
Armour         | 3 5 |  5.4
Evocations     | 1 3 |  3.4
Dodging        | |  2.1

Action                     |  1- 3 |  4- 6 |  7- 9 | 10-12 || total
---------------------------+-------+-------+-------+-------++-------
  Melee: Demon blade       |    76 |   113 |   150 |   315 ||   654
         Headbutt          |     3 |    20 |    32 |   101 ||   156
         Hand axe          |       |     8 |     6 |       ||    14
         Punch             |       |     1 |     2 |    10 ||    13
         War axe           |       |       |       |    76 ||    76
         Morningstar       |       |       |       |    10 ||    10
   Fire: Orcbow            |       |       |    29 |   157 ||   186
         Sling             |       |       |     2 |       ||     2
  Throw: Stone             |       |     4 |     1 |     4 ||     9
         Dart              |       |       |       |     5 ||     5
         Boomerang         |       |       |       |     5 ||     5
 Invoke: Berserk           |     1 |     2 |     7 |    13 ||    23
         Trog's Hand       |     1 |     1 |     3 |    15 ||    20
         Brothers in Arms  |       |       |       |     1 ||     1
  Evoke: Wand              |       |       |       |    19 ||    19
    Use: Scroll            |     1 |     3 |    10 |    10 ||    24
         Potion            |       |       |     2 |     4 ||     6
 Armour: Animal skin       |    19 |       |       |       ||    19
         Plate armour      |    30 |    92 |   163 |    84 ||   369
         Chain mail        |       |       |       |   475 ||   475
         Skin              |       |       |       |     5 ||     5
  Dodge: Dodged            |    43 |    32 |    53 |   217 ||   345

Table legend: (Time is in decaauts)
 A = Elapsed time spent in this place.
 B = Non-inter-level travel time spent in this place.
 C = Inter-level travel time spent in this place.
 D = Time resting spent in this place.
 E = Time spent auto-exploring this place.
 F = Levels seen in this place.
 G = Mean time per level.
                   A        B        C        D        E       F      G
               +--------+--------+--------+--------+--------+-----+--------+
         Total |  13841 |  13385 |    456 |   3999 |   6848 |  15 |  922.7 |
       Dungeon |   9221 |   8860 |    361 |   1980 |   5212 |  10 |  922.1 |
          Lair |   3544 |   3449 |     95 |   1639 |   1378 |   3 | 1181.3 |
         Sewer |    686 |    686 |      0 |    236 |    232 |   1 |  686.0 |
      Ice Cave |    389 |    389 |      0 |    142 |     26 |   1 |  389.0 |
               +--------+--------+--------+--------+--------+-----+--------+

Top non-repeatable levels by time:
  Lair:2: 2258 daAuts
     D:9: 1510 daAuts
     D:8: 1221 daAuts
  Lair:1: 1184 daAuts
     D:5: 984 daAuts
     D:1: 973 daAuts
     D:4: 908 daAuts
     D:7: 899 daAuts
    D:10: 855 daAuts
   Sewer: 686 daAuts
     D:3: 662 daAuts
     D:6: 660 daAuts
     D:2: 544 daAuts
   IceCv: 389 daAuts
  Lair:3: 101 daAuts
